 Dungeon Crawl Stone Soup version 0.18.1-5-g4a78601 (webtiles) character file.

100 LORDOFBUTT the Skirmisher (level 4, 0/55 HPs)
             Began as a Demonspawn Berserker on May 10, 2016.
             Was a Believer of Trog.
             Slain by an ogre
             ... wielding a +0 giant spiked club
              (13 damage)
             ... on level 3 of the Dungeon.
             The game lasted 00:02:39 (2004 turns).

LORDOFBUTT the Skirmisher (Demonspawn Berserker)    Turns: 2004, Time: 00:02:40

Health: 0/55       AC:  7    Str: 22    XL:     4   Next: 47%
Magic:  4/4        EV: 12    Int:  8    God:    Trog [**....]
Gold:   68         SH:  0    Dex: 14    Spells: 0 memorised, 3 levels left

rFire  . . .     SeeInvis .     a - +0 hand axe
rCold  . . .     Gourm    .     i - +0 ring mail
rNeg   . . .     Faith    .     (no shield)
rPois  .         Spirit   .     (no helmet)
rElec  .         Dismiss  .     (no cloak)
rCorr  .         Reflect  .     (no gloves)
SustAt .         Harm     .     (no boots)
MR     .....                    (no amulet)
Stlth  ..........               (no ring)
                                (no ring)

@: berserking, very quick, not resistant to hostile enchantments, extremely
unstealthy
A: slimy green scales 1
a: Berserk, Trog's Hand, Burn Spellbooks, Renounce Religion


You were on level 3 of the Dungeon.
You worshipped Trog.
Trog was pleased with you.
You were very full.

You visited 1 branch of the dungeon, and saw 3 of its levels.

You collected 68 gold pieces.

Inventory:

Hand Weapons
 a - a +0 hand axe (weapon)
Armour
 b - a +0 animal skin
 i - a +0 ring mail (worn)
Scrolls
 d - a scroll of magic mapping {unknown}
 f - a scroll of remove curse
 h - a scroll of immolation
 k - a scroll of teleportation {unknown}
 o - a scroll of fear {unknown}
 r - a scroll of fog {unknown}
Potions
 e - a potion of resistance
 g - 2 potions of brilliance
 j - a potion of ambrosia {unknown}
 l - a potion of lignification {unknown}
 m - a potion of berserk rage
 n - a potion of flight {unknown}
 p - a potion of might {unknown}
 q - a potion of magic {unknown}
Comestibles
 c - a bread ration


   Skills:
 + Level 3.8 Fighting
 + Level 3.2 Axes
 + Level 2.0 Armour
 + Level 2.9 Dodging
 + Level 0.8 Stealth


You had 3 spell levels left.
You didn't know any spells.

Dungeon Overview and Level Annotations

Branches:
Dungeon (3/15)

Altars:


Innate Abilities, Weirdness & Mutations

You are partially covered in slimy green scales (AC +2).


Message History

The ogre shouts!
An ogre is nearby!
The ogre closely misses you.
You hit the ogre but do no damage. You hit the ogre.
The ogre is lightly wounded.
The ogre barely misses you.
You hit the ogre.
The ogre is moderately wounded.
The ogre hits you with a giant spiked club!
You slash the ogre!
The ogre is heavily wounded.
The ogre hits you with a giant spiked club!
* * * LOW HITPOINT WARNING * * *
You are too injured to fight recklessly!
You are too injured to fight recklessly!
A red film seems to cover your vision as you go berserk!
You feel yourself moving faster!
You feel mighty!
You feel somewhat less full.
The ogre hits you with a giant spiked club!
You die...

#####################
#............@O......
#.###################
#.# #.# #[# #.# #.#
#.# #.#


You could see an ogre.

Vanquished Creatures
  6 adders (D:2)
  A worm (D:2)
  4 giant geckos
  2 giant cockroaches
  3 hobgoblins
  2 jackals (D:1)
  A quokka (D:2)
  A ball python (D:2)
  8 bats
  2 giant newts
  7 goblins
  4 kobolds
  A rat (D:1)
42 creatures vanquished.

Notes
Turn   | Place    | Note
--------------------------------------------------------------
     0 | D:1      | LORDOFBUTT the Demonspawn Berserker began the quest for the Orb.
     0 | D:1      | Reached XP level 1. HP: 18/18 MP: 1/1
   131 | D:1      | Gained mutation: You are partially covered in slimy green scales (AC +2). [demonic ancestry]
   131 | D:1      | Reached XP level 2. HP: 21/24 MP: 2/2
   527 | D:2      | Reached ** piety under Trog
   527 | D:2      | Reached XP level 3. HP: 9/29 MP: 3/3
  1145 | D:2      | Reached XP level 4. HP: 31/37 MP: 4/4
  1996 | D:3      | Noticed an ogre
  2004 | D:3      | Slain by an ogre

Skill      XL: |  1  2  3 |
---------------+----------+-----
Dodging        | 2 |  2.9
Armour         | 2 |  2.0
Axes           | 3 |  3.2
Fighting       | |  3.8
Stealth        | |  0.8

Action                   |  1- 3 |  4- 6 || total
-------------------------+-------+-------++-------
Melee: Hand axe          |   122 |    83 ||   205
Invok: Berserk           |       |     2 ||     2
       Trog's Hand       |       |     1 ||     1
  Use: Potion            |     2 |       ||     2
       Scroll            |       |     4 ||     4
 Stab: Sleeping          |     4 |       ||     4
  Eat: Beef jerky        |       |     2 ||     2
       Meat ration       |       |     1 ||     1
       Bread ration      |       |     1 ||     1
Armor: Animal skin       |    35 |    26 ||    61
       Ring mail         |       |     4 ||     4
Dodge: Dodged            |    94 |    58 ||   152
